[Event "FIDE WCCC G10 2018"]
[Site "Santiago de Compostela"]
[Date "2018.11.08"]
[Round "4"]
[White "Edithso, Samantha"]
[Black "Szczotka, Klara"]
[Result "0-1"]
[ECO "B40"]
[WhiteElo "1879"]
[BlackElo "1581"]
[Annotator "NA"]
[PlyCount "116"]
[EventDate "2018.11.04"]
[EventType "swiss"]
[EventCountry "ESP"]
[SourceTitle "playchess.com"]
[Source "ChessBase"]
[SourceQuality "1"]
[TimeControl "40/5400+30:1800+30"]

1. e4 c5 2. Nf3 e6 3. d4 cxd4 4. c3 dxc3 {[%emt 0:00:00] LiveBook: 50 Games} 5. Nxc3 Nc6 6. Bc4 a6 7. O-O d6 8. Bf4 {[%emt 0:00:43] B21: Sicilian: 2 f4 and Morra Gambit} (8. Qe2 Nf6 9. Rd1 Nd7 10. Bf4 Qc7 11. Rac1 Be7 12. Nd5 exd5 13. exd5 Nb6 14. dxc6 Nxc4 15. Qxc4 O-O 16. Qe4 bxc6 17. Qxc6 Qxc6 18. Rxc6 {0-1 (39) Domingo Nunez,A (2373)-Ljubojevic,L (2571) Linares 2018}) 8... Be7 9. Qd2 Qc7 10. Rac1 $146 ({Predecessor:} 10. Rfd1 Ne5 11. Bxe5 dxe5 12. Rac1 Qb8 13. a4 b6 14. b4 h6 {0-1 (61) Nilsson,N-Bjerring,K (2325) Helsingor 1981}) 10... Ne5 $2 (10... Nf6 $11) 11. Bxe5 dxe5 {[%emt 0:00:06] [#]} 12. Nb5 $1 Qb8 {[%emt 0:05:12] [#]} 13. Nc7+ $1 Kf8 14. Nxa8 Qxa8 15. Nxe5 Nf6 16. Qf4 h6 17. Rfd1 g5 18. Qf3 Kg7 $2 {[%emt 0:00:15] [#]} (18... Qb8) 19. Ng4 $2 (19. Nxf7 $1 Kxf7 20. e5) 19... h5 (19... Nxg4 {was worth a try.} 20. Qxg4 b5) 20. Ne3 (20. Nxf6 $18 {is the precise move to win.} Bxf6 21. Qg3) 20... b5 21. Bd3 Bb7 22. Qg3 Nxe4 23. Bxe4 Bxe4 24. f3 $2 (24. Rc7 $18 Bf6 25. h4) 24... Bg6 $1 25. b3 Bf6 26. Qf2 Rc8 27. Rxc8 Qxc8 28. g4 h4 29. f4 gxf4 30. Qxf4 Qc5 31. b4 {[%emt 0:01:35] [#]} (31. Kg2 $11 {remains equal.}) 31... Qc3 $1 32. Ng2 {[%emt 0:07:22] [#]} h3 $1 33. g5 (33. Ne3 $17 {was worth a try.}) 33... Be5 34. Qh4 Kf8 35. Ne1 Bc2 $2 (35... Ke8 $19 36. Qf2 Bh5) 36. Rd7 $2 (36. Rd8+ $17 {was the crucial defense.} Ke7 37. g6+ Bf6 38. gxf7 Kxf7 39. Qf2) 36... Ke8 37. Qf2 Kxd7 38. Nxc2 Ke7 39. a3 Qd3 40. Qc5+ Qd6 41. Qxd6+ Kxd6 42. Ne1 Bf4 43. Nf3 e5 44. Kf2 e4 45. g6 fxg6 46. Ng1 Bxh2 47. Nxh3 Be5 48. Ng5 Bd4+ 49. Ke2 Kd5 50. Nh3 Bb2 51. Nf4+ Kc4 52. Nxg6 Bxa3 53. Ke3 Bxb4 54. Kxe4 Bc3 55. Ne7 b4 56. Nd5 a5 57. Ne3+ Kb3 58. Kd3 a4 {[%emt 0:00:22] Kd4} 0-1

[Event "FIDE WCCC G10 2018"]
[Site "Santiago de Compostela"]
[Date "2018.11.08"]
[Round "4"]
[White "Shvedova, Alexandra"]
[Black "Chen, Yining"]
[Result "1/2-1/2"]
[ECO "B01"]
[WhiteElo "1782"]
[BlackElo "1457"]
[Annotator "NA RC"]
[PlyCount "78"]
[EventDate "2018.11.04"]
[EventType "swiss"]
[EventCountry "ESP"]
[SourceTitle "playchess.com"]
[Source "ChessBase"]
[SourceQuality "1"]
[TimeControl "40/5400+30:1800+30"]

1. e4 d5 2. exd5 Nf6 3. d4 Nxd5 4. c4 Nb6 5. Nf3 Bg4 6. Be2 e6 7. O-O Be7 8. Nc3 O-O 9. b3 Nc6 10. Be3 Bf6 11. Ne4 Be7 12. Qd2 a5 13. Rfd1 a4 14. Qb2 axb3 15. axb3 Rxa1 16. Qxa1 Bb4 17. d5 exd5 18. Bxb6 cxb6 19. Rxd5 Qa8 20. Nf6+ gxf6 21. Qxf6 Ne7 22. Rg5+ Ng6 23. Rxg4 Qd8 24. Qb2 Bc5 25. Nh4 Be7 26. Nxg6 fxg6 27. Bf3 Bf6 28. Qb1 Qe7 29. Re4 Qc7 30. Re1 Bd4 31. Qe4 Qc5 32. Rf1 Ra8 33. Qd5+ Kh8 34. Qxc5 bxc5 35. Bxb7 Rb8 36. Bd5 Rxb3 37. g4 g5 38. Kg2 Rb2 39. Kg3 Rb3+ 1/2-1/2

[Event "FIDE WCCC G10 2018"]
[Site "Santiago de Compostela"]
[Date "2018.11.08"]
[Round "4"]
[White "Zhou, Yafei"]
[Black "Ho, Ngoc Vy"]
[Result "1-0"]
[ECO "D43"]
[WhiteElo "1648"]
[BlackElo "1275"]
[Annotator "NA"]
[PlyCount "115"]
[EventDate "2018.11.04"]
[EventType "swiss"]
[EventCountry "ESP"]
[SourceTitle "playchess.com"]
[Source "ChessBase"]
[SourceQuality "1"]
[TimeControl "40/5400+30:1800+30"]

1. d4 d5 2. c4 c6 3. Nf3 Nf6 4. Nc3 e6 5. Bg5 Be7 6. e3 Nbd7 7. Qc2 O-O 8. Bd3 h6 9. Bh4 b6 10. O-O Bb7 11. Rfd1 Qc7 12. cxd5 exd5 13. Rac1 c5 14. Bf5 Rfe8 15. dxc5 Qxc5 16. Qb3 Qb4 17. Qxb4 Bxb4 18. Bxd7 Nxd7 19. Nxd5 Bxd5 20. Rxd5 Nc5 21. a3 Nb3 22. Rcd1 Be7 23. Bxe7 Rxe7 24. g3 Rc7 25. R5d3 Nc1 26. Rd7 Rac8 27. Rxc7 Rxc7 28. Nd4 Rc4 29. Kf1 b5 30. Ke1 Na2 31. Ra1 Nc1 32. Kd2 Rxd4+ 33. Kxc1 Rd5 34. Kc2 Kf8 35. Rd1 Rc5+ 36. Kb3 a5 37. Rd2 Rc4 38. Ka2 Ke7 39. b3 Rc6 40. Kb2 Ke6 41. f4 g6 42. Rd8 Kf5 43. Rd5+ Ke4 44. Rxb5 Kf3 45. Rxa5 Kg2 46. Ra7 f5 47. b4 Kxh2 48. b5 Rb6 49. a4 Kxg3 50. Ra6 Rb8 51. Rxg6+ Kf3 52. Rxh6 Kxe3 53. b6 Kd4 54. a5 Kc5 55. a6 Rxb6+ 56. Rxb6 Kxb6 57. Kc3 Kxa6 58. Kd4 1-0

[Event "FIDE WCCC G10 2018"]
[Site "Santiago de Compostela"]
[Date "2018.11.08"]
[Round "4"]
[White "Rouda Essa, Alserkal"]
[Black "Kleymenova, Valeria"]
[Result "0-1"]
[ECO "C05"]
[WhiteElo "1635"]
[BlackElo "1773"]
[Annotator "NA RC"]
[PlyCount "100"]
[EventDate "2018.11.04"]
[EventType "swiss"]
[EventCountry "ESP"]
[SourceTitle "playchess.com"]
[Source "ChessBase"]
[SourceQuality "1"]
[TimeControl "40/5400+30:1800+30"]

1. e4 e6 2. d4 d5 3. Nd2 Nf6 4. e5 Nfd7 5. Bd3 c5 6. c3 Nc6 7. Ngf3 Qb6 8. O-O Be7 9. dxc5 Nxc5 10. Bc2 Qc7 11. Qe2 b6 12. b4 Nd7 13. Re1 Nxb4 14. cxb4 Qxc2 15. Nd4 Qg6 16. Nc6 Bg5 17. Nf3 Bxc1 18. Raxc1 Bb7 19. Ncd4 O-O 20. Rc7 Bc8 21. Nc6 Re8 22. Nxa7 Nf8 23. Rec1 Bd7 24. Qc2 Qh6 25. Qd2 Qg6 26. Qd4 Reb8 27. h3 h6 28. Ne1 Qg5 29. Qe3 Qg6 30. Nd3 Rd8 31. Qd4 Nh7 32. Nb2 Ng5 33. Kh2 Qf5 34. b5 Ne4 35. R1c2 Nc5 36. Rc1 Be8 37. g4 Qg6 38. Na4 Nxa4 39. Qxa4 d4 40. Qb4 Qe4 41. Re1 Qf4+ 42. Kg1 Qf3 43. Qb3 d3 44. Re3 Qd5 45. Qd1 d2 46. a4 Rxa7 47. Rxa7 Rc8 48. Kh2 Rc1 49. Qf3 Qxf3 50. Rxf3 d1=Q 0-1

[Event "FIDE WCCC G10 2018"]
[Site "Santiago de Compostela"]
[Date "2018.11.08"]
[Round "4"]
[White "Gupta, Sara"]
[Black "Chekhani, Anna"]
[Result "0-1"]
[ECO "B20"]
[WhiteElo "1561"]
[BlackElo "1288"]
[Annotator "NA RC"]
[PlyCount "48"]
[EventDate "2018.11.04"]
[EventType "swiss"]
[EventCountry "ESP"]
[SourceTitle "playchess.com"]
[Source "ChessBase"]
[SourceQuality "1"]
[TimeControl "40/5400+30:1800+30"]

1. e4 c5 2. b3 Nc6 3. Bb2 Qc7 4. Nf3 d6 5. Bb5 Bd7 6. O-O Nf6 7. d3 e6 8. Nbd2 O-O-O 9. Qe2 Rg8 10. a3 a6 11. Bxc6 Bxc6 12. b4 Nd7 13. Rfb1 d5 14. exd5 Bxd5 15. c4 Bxf3 16. Nxf3 cxb4 17. axb4 Bxb4 18. Bxg7 Rxg7 19. Rxb4 Rdg8 20. Qf1 Ne5 21. Nxe5 Qxe5 22. Rab1 f5 23. Re1 Rxg2+ 24. Qxg2 Qxe1# 0-1

[Event "FIDE WCCC G10 2018"]
[Site "Santiago de Compostela"]
[Date "2018.11.08"]
[Round "4"]
[White "Da Cunha, Gabriela Goes"]
[Black "Guid, Taja"]
[Result "1/2-1/2"]
[ECO "D02"]
[WhiteElo "1464"]
[BlackElo "1280"]
[Annotator "NA RC"]
[PlyCount "45"]
[EventDate "2018.11.04"]
[EventType "swiss"]
[EventCountry "ESP"]
[SourceTitle "playchess.com"]
[Source "ChessBase"]
[SourceQuality "1"]
[TimeControl "40/5400+30:1800+30"]

1. d4 d5 2. Nf3 e6 3. Bf4 Nf6 4. e3 Bd6 5. Bg3 O-O 6. Nbd2 b6 7. c3 Bb7 8. Bd3 Nbd7 9. Ne5 Qe7 10. f4 c5 11. Bh4 Qe8 12. Nxd7 Nxd7 13. Qh5 f5 14. Qxe8 Raxe8 15. Bb5 Bc8 16. Nf3 a6 17. Bc6 Be7 18. Bxe7 Rxe7 19. Bxd7 Bxd7 20. Ne5 Be8 21. a4 a5 22. Kd2 Rc7 23. Rhc1 1/2-1/2

[Event "FIDE WCCC G10 2018"]
[Site "Santiago de Compostela"]
[Date "2018.11.08"]
[Round "4"]
[White "Nguyen, Ha Khanh Linh"]
[Black "Kulish, Glafira"]
[Result "1-0"]
[ECO "E91"]
[WhiteElo "1449"]
[BlackElo "1153"]
[Annotator "NA"]
[PlyCount "87"]
[EventDate "2018.11.04"]
[EventType "swiss"]
[EventCountry "ESP"]
[SourceTitle "playchess.com"]
[Source "ChessBase"]
[SourceQuality "1"]
[TimeControl "40/5400+30:1800+30"]

1. d4 Nf6 2. c4 g6 3. Nc3 Bg7 4. e4 d6 5. Nf3 O-O 6. Be2 Bg4 7. O-O Bxf3 8. Bxf3 e5 9. d5 Nbd7 10. b4 Ne8 11. Be2 f5 12. f3 f4 13. c5 dxc5 14. bxc5 Nxc5 15. Ba3 b6 16. Bxc5 bxc5 17. Rc1 Rf6 18. Na4 Bf8 19. Nxc5 Bxc5+ 20. Rxc5 Rb6 21. Bc4 Nd6 22. Bb3 Rab8 23. Qc2 R6b7 24. Rc1 Rc8 25. Rc6 Kf8 26. Qc5 Ke7 27. Bc4 Rb6 28. Ba6 Rxc6 29. dxc6 Kf6 30. Bxc8 Nxc8 31. Qc2 Nd6 32. Rb1 Qa8 33. Qc5 a6 34. g3 g5 35. a4 h6 36. Kg2 Ke6 37. Rd1 Qe8 38. Rd5 Nf7 39. Rd7 Nd6 40. Qd5+ Kf6 41. Rxd6+ cxd6 42. Qxd6+ Qe6 43. Qf8+ Kg6 44. Qf5+ 1-0

[Event "FIDE WCCC G10 2018"]
[Site "Santiago de Compostela"]
[Date "2018.11.08"]
[Round "4"]
[White "Vu, My Linh"]
[Black "Vlasova, Olesia"]
[Result "0-1"]
[ECO "A43"]
[WhiteElo "1349"]
[BlackElo "1639"]
[Annotator "NA"]
[PlyCount "108"]
[EventDate "2018.11.04"]
[EventType "swiss"]
[EventCountry "ESP"]
[SourceTitle "playchess.com"]
[Source "ChessBase"]
[SourceQuality "1"]
[TimeControl "40/5400+30:1800+30"]

1. d4 Nf6 2. Nf3 c5 3. d5 e6 4. c4 exd5 5. cxd5 d6 6. Nc3 a6 7. a4 Be7 8. e4 O-O 9. Be2 Re8 10. O-O Bg4 11. Qb3 Qc7 12. h3 Bh5 13. Bg5 h6 14. Bh4 Nbd7 15. Rac1 Bf8 16. Qc2 Bg6 17. Bxf6 Nxf6 18. Nd2 Nh5 19. Nc4 Qe7 20. Bxh5 Bxh5 21. f4 Rab8 22. a5 Bg6 23. Rce1 Qf6 24. Qf2 Qd4 25. Nb6 Be7 26. Re3 Qb4 27. e5 dxe5 28. Nd7 Rbd8 29. Nxe5 Bf6 30. Kh1 Qxa5 31. Rfe1 Rf8 32. g4 Qc7 33. h4 Bxe5 34. Rxe5 b5 35. f5 Bh7 36. Re7 Qd6 37. R1e5 c4 38. Ne4 Qb4 39. Nc5 Ra8 40. Nd7 Rfd8 41. Qb6 f6 42. Qe6+ Kh8 43. Qf7 Rg8 44. Nxf6 Raf8 45. Qh5 Rxf6 46. g5 Rxf5 47. Rxf5 Bxf5 48. Qf7 Qd6 49. h5 hxg5 50. Re2 Qf6 51. Qa7 Be4+ 52. Kg1 Qf3 53. Rd2 Rf8 54. h6 Qh1# 0-1

[Event "FIDE WCCC G10 2018"]
[Site "Santiago de Compostela"]
[Date "2018.11.08"]
[Round "4"]
[White "Kurmanalina, Deniza"]
[Black "Anupam M Sreekumar"]
[Result "0-1"]
[ECO "C54"]
[WhiteElo "1320"]
[BlackElo "1615"]
[Annotator "NA"]
[PlyCount "97"]
[EventDate "2018.11.04"]
[EventType "swiss"]
[EventCountry "ESP"]
[SourceTitle "playchess.com"]
[Source "ChessBase"]
[SourceQuality "1"]
[TimeControl "40/5400+30:1800+30"]

1. e4 e5 2. Nf3 Nc6 3. Bc4 Bc5 4. c3 Nf6 5. d3 d6 6. Bb3 h6 7. h3 a5 8. a4 Ba7 9. Nbd2 Be6 10. Bc2 d5 11. Qe2 d4 12. Nf1 Qd6 13. g4 Qc5 14. Bd2 Qb6 15. b3 dxc3 16. Bxc3 Qc5 17. Bb2 Rd8 18. Ng3 Qb4+ 19. Nd2 Bd4 20. Ba3 Qb6 21. Rb1 Bc3 22. Bd1 Qa6 23. O-O Bxd2 24. Qxd2 Rxd3 25. Qc2 Rd7 26. Qb2 Nd4 27. Qc3 h5 28. Nxh5 Nxh5 29. gxh5 g6 30. Qg3 Ne2+ 31. Bxe2 Qxe2 32. Qxe5 Qxh5 33. Qg3 Bxh3 34. Rfe1 Bg4 35. Kg2 Bh3+ 36. Kg1 Bg4 37. Kg2 Rd3 38. Re3 Bd1 39. Qh3 Qxh3+ 40. Rxh3 Rhxh3 41. Bc5 Rh5 42. Be3 Bxb3 43. Rc1 c6 44. Rb1 b5 45. axb5 cxb5 46. Rc1 Bc4 47. Ra1 a4 48. Rb1 a3 49. Ra1 0-1

[Event "FIDE WCCC G10 2018"]
[Site "Santiago de Compostela"]
[Date "2018.11.08"]
[Round "4"]
[White "Rajanya Datta"]
[Black "Zakirova, Aisha"]
[Result "0-1"]
[ECO "B57"]
[WhiteElo "1312"]
[BlackElo "1678"]
[Annotator "NA"]
[PlyCount "76"]
[EventDate "2018.11.04"]
[EventType "swiss"]
[EventCountry "ESP"]
[SourceTitle "playchess.com"]
[Source "ChessBase"]
[SourceQuality "1"]
[TimeControl "40/5400+30:1800+30"]

1. e4 c5 2. Nf3 d6 3. d4 cxd4 4. Nxd4 Nf6 5. Nc3 Nc6 6. Bc4 Bd7 7. Bg5 e6 8. Ndb5 Ne5 9. Be2 Qb6 10. Be3 Qa5 11. O-O Nxe4 12. Nxe4 Bxb5 13. Bxb5+ Qxb5 14. Nxd6+ Bxd6 15. Qxd6 Nc4 16. Qd3 Qc6 17. Qd4 Nxe3 18. Qxg7 O-O-O 19. fxe3 Rhg8 20. Qc3 Rxg2+ 21. Kh1 Rdd2 22. Qxc6+ bxc6 23. Rxf7 Rxh2+ 24. Kg1 Rdg2+ 25. Kf1 Rxc2 26. Rf8+ Kc7 27. Rf7+ Kb6 28. Kg1 Rcg2+ 29. Kf1 Rxb2 30. Kg1 Rbg2+ 31. Kf1 Rb2 32. Kg1 h5 33. a4 h4 34. a5+ Ka6 35. Rc1 h3 36. Rxc6+ Kb5 37. Rfc7 Rbg2+ 38. Kf1 Rh1# 0-1

[Event "FIDE WCCC G10 2018"]
[Site "Santiago de Compostela"]
[Date "2018.11.08"]
[Round "4"]
[White "Khanyl, Chuluuntuya"]
[Black "Yildiz, Elif Zeren"]
[Result "0-1"]
[ECO "A41"]
[WhiteElo "1276"]
[BlackElo "1448"]
[Annotator "NA RC"]
[PlyCount "112"]
[EventDate "2018.11.04"]
[EventType "swiss"]
[EventCountry "ESP"]
[SourceTitle "playchess.com"]
[Source "ChessBase"]
[SourceQuality "1"]
[TimeControl "40/5400+30:1800+30"]

1. d4 d6 2. c4 g6 3. e3 Bg7 4. Nc3 Nc6 5. Nf3 Bg4 6. h3 Bxf3 7. Qxf3 Nf6 8. Bd3 e5 9. d5 Nb4 10. e4 a5 11. O-O O-O 12. a3 Na6 13. Be3 Nd7 14. Na4 b6 15. Rac1 Rb8 16. Rfd1 Nac5 17. Nxc5 bxc5 18. Rb1 Rb7 19. b4 cxb4 20. axb4 axb4 21. Bd2 b3 22. Be3 Qe7 23. Re1 Rfb8 24. g4 Nc5 25. Bxc5 dxc5 26. Rb2 Qf6 27. Qxf6 Bxf6 28. Reb1 Bg5 29. Be2 Rb4 30. Kg2 Kf8 31. f3 Be3 32. Bd1 Rxc4 33. Rxb3 Rbb4 34. Rxb4 cxb4 35. Be2 Rc2 36. Kf1 Bc5 37. Ke1 Ke7 38. Kd1 Ra2 39. Bc4 Rh2 40. Bf1 Kd6 41. Ra1 b3 42. Ra6+ Kd7 43. Ra1 b2 44. Rb1 Bd4 45. Bb5+ Kd6 46. Bf1 Kc5 47. Be2 Kb4 48. Bf1 Kb3 49. Bd3 Ka2 50. Bc2 Rh1+ 51. Kd2 Rxb1 52. Bxb1+ Kxb1 53. Kd3 Kc1 54. h4 b1=Q+ 55. Ke2 Qc2+ 56. Kf1 Qf2# 0-1

[Event "FIDE WCCC G10 2018"]
[Site "Santiago de Compostela"]
[Date "2018.11.08"]
[Round "4"]
[White "Baklova, Mila"]
[Black "Zhapova, Yana"]
[Result "0-1"]
[ECO "B13"]
[WhiteElo "1142"]
[BlackElo "1821"]
[Annotator "NA RC"]
[PlyCount "116"]
[EventDate "2018.11.04"]
[EventType "swiss"]
[EventCountry "ESP"]
[SourceTitle "playchess.com"]
[Source "ChessBase"]
[SourceQuality "1"]
[TimeControl "40/5400+30:1800+30"]

1. e4 c6 2. d4 d5 3. exd5 cxd5 4. Bf4 Nc6 5. Nf3 Bg4 6. c3 Nf6 7. Nbd2 e6 8. h3 Bh5 9. Bd3 Bd6 10. Bxd6 Qxd6 11. O-O {[%emt 0:01:11] LiveBook: 6 Games} O-O 12. Qc2 Rac8 {[%emt 0:03:52] B13: Caro-Kann: Exchange Variation and Panov-Botvinnik Attack} 13. Rae1 (13. a3 Rfe8 14. Rae1 Bg6 15. Bxg6 hxg6 16. Qd3 b5 17. Ne5 Rb8 18. b4 a5 19. Nb3 axb4 20. axb4 {1-0 (58) Mazziotti Irigoyen,G (2253)-Leskovar Raimondi,M (2315) Buenos Aires 2004}) 13... a6 $146 ({Predecessor:} 13... Nb4 $5 14. Qb1 $8 Nxd3 15. Qxd3 Qb6 $11 (15... Bg6 16. Qe3 Qa6 17. Ne5 Qxa2 18. Nxg6 hxg6 19. b3 Qa5 20. c4 dxc4 21. bxc4 {0-1 (41) Poveda Jimenez,J (2005)-Castillo Igartua,A (2000) Malaga 1997})) 14. Qb1 Bg6 15. Bxg6 hxg6 16. Ne5 b5 17. f4 b4 18. Ndf3 bxc3 19. bxc3 Ne7 20. Re3 (20. Qb2 $15) 20... Ne4 21. Qe1 (21. Qb4 $17) 21... Nf5 22. Ng5 (22. Rxe4 {only move.} dxe4 23. Ng5) 22... Nxe3 23. Nxe4 dxe4 24. Qxe3 Qa3 25. Qxe4 Qxc3 26. Rf3 Qc2 27. Qe1 Qc1 28. Qxc1 Rxc1+ 29. Kh2 Rd8 30. Rd3 Kf8 31. Rd2 Ke7 32. g4 (32. Rb2 {was necessary.} Rc7 33. Rb4) 32... Rdc8 33. Kg3 R8c2 34. Rd3 Rc3 35. Rxc3 Rxc3+ 36. Kh4 Ra3 37. Nc6+ Ke8 38. Nb4 Ra4 39. Nc6 Rc4 40. Na5 Rxd4 41. Nb7 Rxf4 42. Nd6+ Kd7 43. Nb7 e5 44. Nc5+ Kc6 45. Nxa6 Kb6 46. Nb4 Rxb4 47. a3 Rb3 48. a4 e4 49. g5 Rf3 50. a5+ Kxa5 51. Kg4 Rf1 52. h4 e3 53. h5 gxh5+ 54. Kh3 e2 55. g6 e1=Q 56. gxf7 Rf3+ 57. Kh2 Qf2+ 58. Kh1 Rh3# 0-1